 Dungeon Crawl Stone Soup version 0.20.1-1-g8b1a95d (console) character file.

9742 hilaritas the Ripper (level 11, -8/57 HPs)
             Began as a Felid Berserker on Oct 8, 2017.
             Was a High Priest of Trog.
             Mangled by a bone dragon (18 damage)
             ... on level 3 of the Abyss on Oct 13, 2017.
             The game lasted 00:43:32 (18567 turns).

hilaritas the Ripper (Felid Berserker)             Turns: 18567, Time: 00:43:34

Health: -8/57      AC:  5    Str: 20    XL:     11   Next: 27%
Magic:  0/12       EV: 29    Int:  8    God:    Trog [*****.]
Gold:   1400       SH:  0    Dex: 17    Spells: 10/10 levels left
                                        Lives:  0   Deaths: 4

rFire    . . .     SeeInvis +     - Unarmed
rCold    + + .     Gourm    .   (shield unavailable)
rNeg     + . .     Faith    .   (armour unavailable)
rPois    .         Spirit   +   (helmet unavailable)
rElec    .         Reflect  .   (cloak unavailable)
rCorr    .         Harm     .   (gloves unavailable)
MR       +++..                  (boots unavailable)
Stlth    ++++++....             y - amulet of guardian spirit
Regen    1.2/turn               f - ring of positive energy
MPRegen  0.2/turn               e - +3 ring of strength

@: berserk cooldown, regenerating, hasted and slowed, quick
A: no armour, no weapons or thrown items, stealth, claws 1, fangs 3, thin
metallic scales 1, see invisible, carnivore 3, cold resistance 1, speed 1,
mutation resistance 1, shaggy fur 3, slow metabolism 1, sharp paws
a: Berserk, Trog's Hand, Brothers in Arms, Burn Spellbooks, Renounce Religion


You were on level 3 of the Abyss.
You worshipped Trog.
Trog was extremely pleased with you.
You were not hungry.

You visited 2 branches of the dungeon, and saw 17 of its levels.
You visited the Abyss 1 time.

You collected 1400 gold pieces.

Inventory:

Jewellery
 e - a +3 ring of strength (right paw)
 f - a ring of positive energy (left paw)
 y - an amulet of guardian spirit (around neck)
 z - the macabre finger necklace {rN+}
   (You found it on level 7 of the Dungeon)

   [amulet of nothing]

   It protects you from negative energy.
 A - an uncursed ring of protection from cold
 N - an uncursed ring of protection from magic
Wands
 k - a wand of digging (15/24)
 q - a wand of random effects (11/48)
 s - a wand of acid (2/15)
 t - a wand of polymorph (8/24)
 v - a wand of confusion (30/48)
 B - a wand of iceblast (7/15)
 D - a wand of polymorph (8/24)
 G - a wand of iceblast (5/15)
 H - a wand of clouds (2/9)
 L - a wand of iceblast (7/15)
 M - a wand of lightning (6/15)
 O - a wand of flame (33/48)
 S - a wand of flame (8/48)
 T - a wand of lightning (6/15)
 U - a wand of enslavement (16/24)
Scrolls
 b - 2 scrolls of recharging
 l - 5 scrolls of identify
 p - 2 scrolls of teleportation
 r - 2 scrolls of magic mapping
Potions
 c - 3 potions of magic {unknown}
 g - 3 potions of resistance
 h - 2 potions of ambrosia {unknown}
 i - 2 potions of invisibility
 j - a potion of agility {unknown}
 m - a potion of berserk rage {unknown}
 n - 3 potions of mutation
 u - a potion of haste
 w - 5 potions of curing
 x - 2 potions of lignification
 E - 2 potions of flight {unknown}
 F - 2 potions of cancellation
 I - 2 potions of brilliance {unknown}
Books
 C - a book of Frost

   Spells                             Type                      Level
   a - Freeze                         Ice                          1
   b - Throw Frost                    Conjuration/Ice              2
   c - Ozocubu's Armour               Charms/Ice                   3
   d - Throw Icicle                   Conjuration/Ice              4
   e - Summon Ice Beast               Ice/Summoning                4
   Trog disapproves of the use of such an item.
 J - a book of the Earth

   Spells                             Type                      Level
   a - Leda's Liquefaction            Hexes/Earth                  4
   b - Bolt of Magma                  Conjuration/Fire/Earth       5
   c - Statue Form                    Transmutation/Earth          6
   d - Iron Shot                      Conjuration/Earth            6
   e - Shatter                        Earth                        9
   Trog disapproves of the use of such an item.
 K - a book of Conjurations

   Spells                             Type                      Level
   a - Magic Dart                     Conjuration                  1
   b - Searing Ray                    Conjuration                  2
   c - Dazzling Spray                 Conjuration/Hexes            3
   d - Fulminant Prism                Conjuration/Hexes            4
   e - Force Lance                    Conjuration/Translocation    4
   f - Iskenderun's Mystic Blast      Conjuration                  4
   Trog disapproves of the use of such an item.
 P - a book of Conjurations

   Spells                             Type                      Level
   a - Magic Dart                     Conjuration                  1
   b - Searing Ray                    Conjuration                  2
   c - Dazzling Spray                 Conjuration/Hexes            3
   d - Fulminant Prism                Conjuration/Hexes            4
   e - Force Lance                    Conjuration/Translocation    4
   f - Iskenderun's Mystic Blast      Conjuration                  4
   Trog disapproves of the use of such an item.
 Q - a book of Misfortune

   Spells                             Type                      Level
   a - Confusing Touch                Hexes                        1
   b - Confuse                        Hexes                        3
   c - Gell's Gravitas                Translocation                3
   d - Petrify                        Transmutation/Earth          4
   e - Metabolic Englaciation         Hexes/Ice                    5
   f - Yara's Violent Unravelling     Hexes/Transmutation          5
   Trog disapproves of the use of such an item.
Miscellaneous
 R - a phantom mirror
Comestibles
 a - 9 meat rations
 o - 15 royal jellies


   Skills:
 * Level 11.6 Fighting
 + Level 12.8 Dodging
 - Level 12.1 Stealth
 + Level 16.4 Unarmed Combat


You had 10 spell levels left.
You didn't know any spells.

Dungeon Overview and Level Annotations

Branches:
Dungeon (12/15)            Temple (0/1) D:6            Lair (5/6) D:9
 Shoals (0/4) Lair:3        Snake (0/4) Lair:2          Orc (0/2) D:11
  Slime: Lair:5-6

Altars:
Cheibriados
Dithmenos
Fedhas
Gozag
Kikubaaqudgha
Makhleb
Qazlal
Ru
Sif Muna
Trog
Vehumet
Xom
Zin
The Shining One

Annotations:
Lair:5 raikaria's ghost, journeyman DrCj


Innate Abilities, Weirdness & Mutations

You cannot wear armour.
You are incapable of wielding weapons or throwing items.
Your paws allow you to move quietly. (Stealth)
You have sharp claws.
You have razor-sharp teeth.
You have supernaturally acute eyesight. (SInv)
You are carnivorous and can eat meat at any time.
You cover ground quickly.
Your thick and shaggy fur keeps you warm. (AC +3, rC+)
You have a slow metabolism.
Your sharp claws are effective at attacking unaware monsters.
You are partially covered in thin metallic scales. (AC +2)
Your flesh is cold resistant. (rC+)
You are somewhat resistant to further mutation.


Message History

Trog accepts your kill.
You are no longer berserk.
You are exhausted.
You feel yourself slow down.
You claw the starcursed mass!
You destroy the starcursed mass!
Trog accepts your kill.
The chaos spawn gibbers incoherently in a cacophony of voices.
You feel much better.
You feel yourself speed up. The chaos spawn barely misses you.
The chaos spawn completely misses you.
You scratch the bone dragon but do no damage.
The bone dragon bites you! The bone dragon claws you!
* * * LOW HITPOINT WARNING * * *
The bone dragon tramples you but does no damage.
You mangle the bone dragon!!
The bone dragon is lightly damaged.
The chaos spawn closely misses you. The bone dragon closely misses you.
The bone dragon claws you!!
You die...

..#. ...# #.#.
.# ... #
...##.. ## ##..
.......#.##....
#....4....#...
#@..# ..
#D#....# # ###
# ###...#.## ##
. #.. #....#..#
#...#..#
##.#.##..#... .
. #......#..#
## ## #..# ยง#
..#.###... .#
.# .#...#.##
.#.. . #. . .#
.... .#...
.###.### ## ##
.. ...#.. ..#


You could see a bone dragon and a chaos spawn.

Vanquished Creatures
  5 starcursed masses (Abyss:3)
  4 hydras
  The ghost of geeseburger the Carver, a journeyman FoFi of Okawaru (Lair:1)
  A two-headed ogre (D:12)
  3 death yaks
  Urug (Lair:3)
  A wretched star (Abyss:3)
  A shadow wraith (Abyss:3)
  An unseen horror (D:11)
  Pikel (D:5)
  A cyclops (D:12)
  2 ugly things
  A merfolk siren (Lair:3)
  Maurice (D:8)
  Joseph (D:8)
  12 spiny frogs
  A smoke demon (Abyss:3)
  2 torpor snails (Lair:1)
  3 rime drakes
  3 komodo dragons
  A kobold demonologist (D:11)
  A polar bear (Lair:4)
  A merfolk (Lair:3)
  2 trolls
  2 hornets
  13 blink frogs
  6 hippogriffs
  A wyvern (Lair:3)
  37 yaks
  A wraith (D:11)
  2 fire bats (Abyss:3)
  2 basilisks
  A hungry ghost (D:9)
  4 vampire mosquitoes
  2 nagas (Lair:2)
  7 water moccasins
  7 porcupines
  Duvessa (D:7)
  7 orc warriors
  3 ice beasts
  3 sky beasts
  A black bear (D:9)
  A hornet zombie (D:12)
  2 large abominations (Abyss:3)
  7 ogres
  14 centaurs
  9 wolves
  10 crocodiles
  2 big kobolds (D:11)
  Blork the orc (D:5)
  8 bullfrogs
  Dowan (D:7)
  A water moccasin skeleton (D:10)
  A scorpion (D:4)
  6 jellies
  11 killer bees
  4 electric eels
  2 centaur zombies
  2 bullfrog zombies
  9 crimson imps
  A quasit (D:8)
  Crazy Yiuf (D:5)
  2 bullfrog skeletons
  15 orc priests
  5 hounds
  14 orc wizards
  2 centaur skeletons
  5 iguanas
  2 hell rats (D:9)
  12 worker ants
  Ijyb (D:5)
  2 hound zombies
  2 hound skeletons
  2 worker ant zombies
  2 river rats (D:9)
  9 adders
  A shadow imp (D:8)
  5 oozes (D:10)
  2 adder zombies
  6 worms
  A dart slug (D:3)
  5 leopard geckos
  53 orcs
  A bat (D:1)
  9 giant cockroaches
  2 goblins
  7 hobgoblins
  19 jackals
  18 kobolds
  6 quokkas
  3 ball pythons
  2 frilled lizards
  A jackal skeleton (D:5)
  9 rats
  A lurking horror (Abyss:3)
470 creatures vanquished.

Vanquished Creatures (collateral kills)
  A merfolk siren (Lair:3)
  A merfolk (Lair:3)
  3 yaks (Lair:3)
5 creatures vanquished.

Vanquished Creatures (others)
  A slave (D:5)
  An ogre (D:5)
  An ooze (D:2)
  A goblin (D:2)
  5 fungi
  3 plants
12 creatures vanquished.

Grand Total: 487 creatures vanquished

Notes
Turn   | Place    | Note
-------+----------+-------------------------------------------
     0 | D:1      | hilaritas the Felid Berserker began the quest for the Orb.
     0 | D:1      | Reached XP level 1. HP: 10/10 MP: 2/2
   133 | D:1      | Reached XP level 2. HP: 14/14 MP: 3/3
   376 | D:1      | Reached skill level 1 in Stealth
   819 | D:2      | Found a radiant altar of Vehumet.
   824 | D:2      | Reached XP level 3. HP: 17/17 MP: 4/4
   829 | D:2      | Reached skill level 4 in Unarmed Combat
  1690 | D:2      | Reached ** piety under Trog
  1749 | D:2      | Reached XP level 4. HP: 21/21 MP: 5/5
  1909 | D:3      | Found a glowing silver altar of Zin.
  2012 | D:3      | Reached skill level 5 in Unarmed Combat
  2012 | D:3      | Reached XP level 5. HP: 24/24 MP: 6/6
  2146 | D:3      | Found a snail-covered altar of Cheibriados.
  2180 | D:3      | Found a bloodstained altar of Trog.
  2246 | D:3      | Gained mutation: You are covered in thick fur. (AC +2) [Felid growth]
  2246 | D:3      | Reached XP level 6. HP: 19/28 MP: 7/7
  2470 | D:3      | Reached skill level 6 in Unarmed Combat
  2544 | D:3      | Found a sacrificial altar of Ru.
  3185 | D:4      | Reached skill level 5 in Stealth
  3429 | D:4      | Reached skill level 7 in Unarmed Combat
  3429 | D:4      | Reached XP level 7. HP: 24/31 MP: 8/8
  3573 | D:4      | Found a bloodstained altar of Trog.
  3945 | D:5      | Entered Level 5 of the Dungeon
  3945 | D:5      | Noticed Blork the orc
  3952 | D:5      | Killed Blork the orc
  3973 | D:5      | Noticed Pikel
  4025 | D:5      | Killed Pikel
  4025 | D:5      | Reached skill level 8 in Unarmed Combat
  4025 | D:5      | Reached XP level 8. HP: 36/36 MP: 9/9
  4116 | D:5      | Reached skill level 9 in Unarmed Combat
  4170 | D:5      | Reached *** piety under Trog
  4214 | D:5      | Found a runed door.
  4329 | D:5      | Noticed Ijyb
  4336 | D:5      | Killed Ijyb
  4716 | D:5      | Noticed Crazy Yiuf
  4721 | D:5      | Killed Crazy Yiuf
  4826 | D:6      | Found a staircase to the Ecumenical Temple.
  5067 | D:6      | Killed from afar by an orc priest
  5068 | D:6      | Reached XP level 7. HP: -1/49 MP: 0/8
  5076 | D:6      | Reached skill level 10 in Unarmed Combat
  5376 | D:6      | Found a deep blue altar of Sif Muna.
  5493 | D:6      | Reached XP level 8. HP: 19/36 MP: 7/9
  5722 | D:6      | Found a blossoming altar of Fedhas.
  5722 | D:6      | Found a burning altar of Makhleb.
  5742 | D:6      | Found a shimmering altar of Xom.
  6362 | D:7      | Reached skill level 5 in Fighting
  6362 | D:7      | Reached skill level 5 in Dodging
  6542 | D:7      | Noticed Duvessa
  6548 | D:7      | Noticed Dowan
  6555 | D:7      | Killed Duvessa
  6562 | D:7      | Killed Dowan
  6946 | D:8      | Noticed Maurice
  6956 | D:8      | Killed Maurice
  6956 | D:8      | Reached skill level 10 in Stealth
  6956 | D:8      | Reached XP level 9. HP: 41/41 MP: 10/10
  6990 | D:8      | Noticed a troll
  6998 | D:8      | Killed a troll
  7228 | D:8      | Noticed Joseph
  7231 | D:8      | HP: 2/42 [Joseph/sling bullet (5)]
  7234 | D:8      | Found a glowing golden altar of the Shining One.
  7240 | D:8      | Killed Joseph
  7280 | D:8      | HP: 1/43 [orc warrior/long sword (19)]
  7297 | D:8      | Reached **** piety under Trog
  7549 | D:8      | Found a stormy altar of Qazlal.
  7549 | D:8      | Found an opulent altar of Gozag.
  7610 | D:8      | Found an opulent altar of Gozag.
  7854 | D:9      | Noticed a death yak
  7873 | D:8      | Killed a death yak
  7873 | D:8      | Reached XP level 10. HP: 17/48 MP: 3/11
  8173 | D:9      | Gained mutation: Your spells are a little harder to cast, but a little more powerful. [potion of mutation]
  8173 | D:9      | Gained mutation: You occasionally shout uncontrollably at your foes. [potion of mutation]
  8173 | D:9      | Gained mutation: You are partially covered in thin metallic scales. (AC +2) [potion of mutation]
  8199 | D:9      | Noticed a six-headed hydra
  8209 | D:9      | Killed a six-headed hydra
  8209 | D:9      | Reached skill level 10 in Dodging
  8372 | D:9      | Found a shadowy altar of Dithmenos.
  8805 | D:9      | Found a staircase to the Lair.
  8806 | D:9      | Noticed a death yak
  8812 | D:9      | Noticed a death yak
  8814 | D:9      | Killed a death yak
  8820 | D:9      | Killed a death yak
  8840 | D:9      | Lost mutation: You occasionally shout uncontrollably at your foes. [potion of mutation]
  8840 | D:9      | Lost mutation: Your spells are a little harder to cast, but a little more powerful. [potion of mutation]
  8840 | D:9      | Gained mutation: You are somewhat resistant to further mutation. [potion of mutation]
  8840 | D:9      | Gained mutation: Your flesh is cold resistant. (rC+) [potion of mutation]
  9027 | D:10     | Entered Level 10 of the Dungeon
  9206 | D:10     | HP: 1/49 [electric eel/bolt of electricity (11)]
  9271 | D:10     | Reached XP level 11. HP: 44/52 MP: 6/12
  9432 | D:10     | Reached skill level 11 in Unarmed Combat
 10465 | D:11     | Found an ancient bone altar of Kikubaaqudgha.
 10600 | D:11     | Noticed a sun demon
 10611 | D:11     | HP: 1/79 [sun demon[a kobold demonologist] (11)]
 11104 | D:11     | Reached ***** piety under Trog
 11242 | D:11     | Reached skill level 12 in Unarmed Combat
 11310 | D:11     | Found a staircase to the Orcish Mines.
 11342 | D:11     | Noticed an unseen horror
 11349 | D:11     | Killed an unseen horror
 11749 | D:11     | Noticed a red ugly thing
 11758 | D:11     | Killed a red ugly thing
 11935 | D:12     | Noticed a purple ugly thing
 11946 | D:12     | Killed a purple ugly thing
 12165 | D:12     | Noticed a six-headed hydra
 12179 | D:12     | Killed a six-headed hydra
 12329 | D:12     | Noticed a two-headed ogre
 12345 | D:12     | Killed a two-headed ogre
 12357 | D:12     | Reached skill level 13 in Unarmed Combat
 12595 | D:12     | Gained mutation: Your thick and shaggy fur keeps you warm. (AC +3, rC+) [Felid growth]
 12595 | D:12     | Reached XP level 12. HP: 58/58 MP: 13/13
 12726 | D:11     | Noticed a two-headed ogre
 12819 | Lair:1   | Entered Level 1 of the Lair of Beasts
 12931 | Lair:1   | Noticed geeseburger's ghost (journeyman FoFi)
 12957 | Lair:1   | Killed geeseburger's ghost
 12957 | Lair:1   | Reached skill level 10 in Fighting
 13458 | Lair:1   | Found a snail-covered altar of Cheibriados.
 13979 | Lair:2   | Reached skill level 14 in Unarmed Combat
 14502 | Lair:2   | Noticed a six-headed hydra
 14503 | Lair:2   | Noticed a four-headed hydra
 14511 | Lair:2   | Killed a six-headed hydra
 14522 | Lair:2   | HP: 3/88 [four-headed hydra (7)]
 14523 | Lair:2   | Slain by a four-headed hydra
 14524 | Lair:2   | Reached XP level 11. HP: -2/82 MP: 0/12
 14584 | Lair:2   | Found a staircase to the Snake Pit.
 15367 | Lair:3   | Reached XP level 12. HP: 48/59 MP: 9/13
 15369 | Lair:3   | Reached skill level 15 in Unarmed Combat
 15784 | Lair:3   | Noticed Urug
 15786 | Lair:3   | Found a staircase to the Shoals.
 15800 | Lair:3   | Killed Urug
 16923 | Lair:4   | Noticed an eight-headed hydra
 16937 | Lair:4   | Killed an eight-headed hydra
 18158 | Lair:5   | Reached skill level 16 in Unarmed Combat
 18328 | Lair:5   | Noticed raikaria's ghost (journeyman DrCj)
 18331 | Lair:5   | Cast into level 3 of the Abyss (raikaria's ghost)
 18332 | Abyss:3  | Noticed a starcursed mass
 18332 | Abyss:3  | Killed a starcursed mass
 18332 | Abyss:3  | Reached XP level 13. HP: 63/63 MP: 12/14
 18340 | Abyss:3  | Found a corrupted altar of Lugonu.
 18345 | Abyss:3  | Killed from afar by a wretched star
 18346 | Abyss:3  | Reached XP level 12. HP: -4/60 MP: 0/13
 18346 | Abyss:3  | Found a corrupted altar of Lugonu.
 18435 | Abyss:3  | HP: 2/60 [large abomination (29)]
 18436 | Abyss:3  | Mangled by a large abomination
 18437 | Abyss:3  | Reached XP level 11. HP: -10/56 MP: 0/12
 18545 | Abyss:3  | Noticed a starcursed mass
 18550 | Abyss:3  | Killed a starcursed mass
 18555 | Abyss:3  | Noticed a bone dragon
 18562 | Abyss:3  | Killed a starcursed mass
 18563 | Abyss:3  | Killed a starcursed mass
 18567 | Abyss:3  | Mangled by a bone dragon

Skill      XL: |  1  2  3  4  5  6  7  8  9 10 11 12 |
---------------+-------------------------------------+-----
Stealth        | 1 2 3 4 5 6 10 12 | 12.1
Unarmed Combat | 4 5 7 10 9 13 16 | 16.4
Fighting       | 4 5 7 8 9 11 | 11.6
Dodging        | 5 8 11 12 | 12.8

Action                   |  1- 3 |  4- 6 |  7- 9 | 10-12 | 13-15 || total
-------------------------+-------+-------+-------+-------+-------++-------
Melee: Unarmed           |    72 |   120 |   279 |   915 |     8 ||  1394
       Bite              |     6 |    12 |    33 |   125 |     3 ||   179
       Punch             |       |     2 |    15 |    72 |     1 ||    90
Invok: Berserk           |     2 |     5 |     9 |    15 |       ||    31
       Trog's Hand       |       |     5 |    13 |    19 |       ||    37
       Brothers in Arms  |       |       |       |     2 |       ||     2
Evoke: Wand              |       |       |     2 |       |       ||     2
  Use: Scroll            |       |     6 |     6 |    10 |       ||    22
       Potion            |       |       |     4 |     9 |     1 ||    14
 Stab: Sleeping          |     9 |     5 |    18 |    33 |       ||    65
       Distracted        |       |     1 |     1 |    11 |       ||    13
  Eat: Chunk             |    10 |    10 |    24 |    49 |       ||    93
Armor: Skin              |       |    10 |     9 |    51 |       ||    70
Dodge: Dodged            |    38 |   118 |   216 |   834 |       ||  1206
